 Dungeon Crawl Stone Soup version 0.30.1-11-g7821555f0a (webtiles) character file.

Game seed: 13692089926166138694

2108810 monsoonserge the Intangible (level 27, 174/174 HPs)
             Began as a Spriggan Hunter on Nov 11, 2023.
             Was the Champion of Okawaru.
             Escaped with the Orb
             ... and 4 runes on Nov 13, 2023!
             The game lasted 07:44:36 (89206 turns).

monsoonserge the Intangible (Spriggan Hunter)      Turns: 89206, Time: 07:44:37

Health: 174/174    AC:  4    Str:  8    XL:     27
Magic:  44/44      EV: 60    Int: 18    God:    Okawaru [******]
Gold:   9382       SH: 12    Dex: 34    Spells: 9/58 levels left

rFire   + + .        E - +9 hand crossbow (heavy)
rCold   + + +        U - +3 warlock's mirror {omnireflect}
rNeg    + + +        Y - +2 robe {rC+ rF+}
rPois   .            a - +0 hat of Impatience {rF+ Regen+ Dex+2}
rElec   +            O - scarf of the Gloaming {rC+ rF+, Str+3 Dex+3}
rCorr   .            (gloves unavailable)
SInv    +            (boots unavailable)
Will    +++++        c - amulet of Bimneleu {Rampage Will++ Regen+}
Stlth   +++          P - ring of Xom's Attic {rC+ rN++ Int+6 Slay+3}
HPRegen 2.09/turn    Z - ring of Yshiaqaps {Ice +Blink rElec rN+++ Str-2}
MPRegen 0.29/turn

%: reflection, rampage
@: studying 3 skills, very quick
A: very small, no large weapons, unfitting armour, see invisible, speed 3, dopey
1, mutation resistance 1, inability to drink after injury 1, MP-powered wands
0: Orb of Zot
}: 4/15 runes: decaying, slimy, silver, gossamer
a: Renounce Religion, Evoke Blink, Heroism, Finesse, Duel


You escaped.
You worshipped Okawaru.
Okawaru was exalted by your worship.
You visited 14 branches of the dungeon, and saw 58 of its levels.
You visited 1 ziggurat, and saw 8 of its levels.
You also visited: Gauntlet.

You collected 10536 gold pieces.
You spent 1154 gold pieces at shops.

Inventory:

Hand Weapons
 z - the +7 shortbow of the Foremost Deaths {speed, rElec rF+ Will+}
   (You found it on level 3 of the Lair of Beasts)

   rF:        It protects you from fire.
   rElec:     It insulates you from electricity.
   Will:      It increases your willpower.
 E - a +9 heavy hand crossbow (weapon)
Missiles
 u - 3 throwing nets
 I - 6 boomerangs of dispersal
 L - 15 curare-tipped darts
 W - 44 atropa-tipped darts
Armour
 a - the +0 hat of Impatience (worn) {rF+ Regen+ Dex+2}
   (You found it in a Gauntlet)

   Dex:       It affects your dexterity (+2).
   rF:        It protects you from fire.
   Regen:     It increases your rate of health regeneration.
 j - a +1 cloak of preservation
 k - the +8 steam dragon scales of Histrionic Life {rF- Regen+ Str+3}
   (Okawaru gifted it to you on level 1 of the Elven Halls)

   Str:       It affects your strength (+3).
   rF:        It makes you vulnerable to fire.
   Regen:     It increases your rate of health regeneration.
 F - a +2 cloak of poison resistance
 H - +0 acid dragon scales
 O - the scarf of the Gloaming (worn) {rC+ rF+, Str+3 Dex+3}
   (Okawaru gifted it to you on level 2 of the Orcish Mines)

   Str:       It affects your strength (+3).
   Dex:       It affects your dexterity (+3).
 Q - the scarf "Kosidax" {shadows, +Inv rC+ rN+ Will+}
   (Okawaru gifted it to you on level 3 of the Vaults)

   rC:        It protects you from cold.
   rN:        It protects you from negative energy.
   +Inv:      It lets you turn invisible.
   Will:      It increases your willpower.
 T - +0 swamp dragon scales
 U - the +3 warlock's mirror (worn) {omnireflect}
   (Okawaru gifted it to you on level 4 of the Realm of Zot)

   Omnireflect: It can block and reflect piercing ranged attacks and magical
   attacks against the wielder's willpower.
 Y - a +2 robe of resistance (worn)
Jewellery
 c - the amulet of Bimneleu (around neck) {Rampage Will++ Regen+}
   (You found it on level 3 of the Crypt)

   [amulet of regeneration]

   Regen:     It increases your rate of health regeneration.
   Rampage:   It bestows one free step when moving towards enemies.
   Will:      It greatly increases your willpower.
 p - the ring of the Mage {Wiz Archmagi}
   (You took it off Mara on level 3 of the Depths)

   [ring of wizardry]

   It improves your spell success rate.
   Archmagi:  It increases the power of your magical spells.
 B - a ring of resist corrosion
 P - the ring of Xom's Attic (left hand) {rC+ rN++ Int+6 Slay+3}
   (You bought it in a shop on level 2 of the Orcish Mines)

   [ring of intelligence]

   Int:       It affects your intelligence (+6).
   Slay:      It affects your accuracy & damage with ranged weapons and melee
   (+3).
   rC:        It protects you from cold.
   rN:        It greatly protects you from negative energy.
 S - a ring of poison resistance
 Z - the ring of Yshiaqaps (right hand) {Ice +Blink rElec rN+++ Str-2}
   (You found it on level 2 of the Depths)

   [ring of ice]

   It enhances your ice magic.
   Str:       It affects your strength (-2).
   rF:        It makes you vulnerable to fire.
   rC:        It protects you from cold.
   rElec:     It insulates you from electricity.
   rN:        It renders you almost immune to negative energy.
   +Blink:    It lets you blink.
Wands
 v - a wand of polymorph (36)
 y - a wand of quicksilver (43)
 D - a wand of digging (46)
 M - a wand of roots (63)
Scrolls
 b - 10 scrolls of immolation
 e - 12 scrolls of enchant armour
 g - 15 scrolls of teleportation
 i - 15 scrolls of fear
 m - 6 scrolls of fog
 n - 18 scrolls of vulnerability
 r - 15 scrolls of poison
 t - 9 scrolls of magic mapping
 K - 7 scrolls of blinking
 R - 6 scrolls of silence
Potions
 f - 13 potions of mutation
 o - 8 potions of brilliance
 q - 15 potions of flight
 s - 6 potions of invisibility
 w - 10 potions of haste
 x - 7 potions of magic
 A - 2 potions of heal wounds
 C - 7 potions of ambrosia
 G - 21 potions of curing
 J - 3 potions of cancellation
 N - 4 potions of resistance
Miscellaneous
 d - a phial of floods
 l - a lightning rod (4/4)
 X - a condenser vane


   Skills:
 O Level 27 Fighting
 - Level 20.0 Ranged Weapons
 + Level 6.0 Throwing
 + Level 5.8 Armour
 O Level 27 Dodging
 - Level 20.0 Stealth
 * Level 9.7 Shields
 - Level 16.0 Spellcasting
 - Level 20.0 Hexes
 - Level 12.0 Translocations
 - Level 4.0 Transmutations
 - Level 3.0 Air Magic
 - Level 11.0 Invocations
 - Level 14.0 Evocations


You had 9 spell levels left.
You knew the following spells:

 Your Spells              Type           Power      Damage    Failure   Level
a - Wereblood             Tmut           28%        N/A       1%          2
b - Blink                 Tloc           100%       N/A       1%          2
c - Cause Fear            Hex            36%        N/A       0%          4
d - Enfeeble              Hex            36%        N/A       1%          7
e - Dispersal             Tloc           27%        N/A       6%          6
f - Portal Projectile     Hex/Tloc       100%       N/A       1%          3
g - Discord               Hex            36%        N/A       11%         8
h - Swiftness             Air            25%        N/A       4%          3
i - Passage of Golubria   Tloc           55%        N/A       1%          4
j - Yara's Violent Unrav  Hex/Tmut       27%        3d12      1%          5
k - Silence               Hex/Air        27%        N/A       1%          5

Your spell library contained the following spells:

 Spells                   Type           Power      Damage    Failure   Level
 Confusing Touch          Hex            72%        N/A       0%          3
 Beastly Appendage        Tmut           56%        N/A       1%          1
 Ensorcelled Hibernation  Hex/Ice        100%       N/A       1%          2
 Lesser Beckoning         Tloc           100%       N/A       1%          2
 Momentum Strike          Conj/Tloc      72%        3d10      1%          2
 Dazzling Flash           Conj/Hex       100%       N/A       1%          3
 Gell's Gravitas          Tloc           55%        N/A       1%          3
 Teleport Other           Tloc           55%        N/A       1%          3
 Volatile Blastmotes      Fire/Tloc      72%        2d16      1%          3
 Anguish                  Hex/Necr       25%        N/A       1%          4
 Fulminant Prism          Conj/Hex       25%        3d13      1%          4
 Leda's Liquefaction      Hex/Erth       25%        N/A       1%          4
 Manifold Assault         Tloc           55%        N/A       1%          4
 Sting                    Tmut/Pois      84%        1d7       2%          1
 Shock                    Conj/Air       76%        1d7       3%          1
 Passwall                 Tmut/Erth      17%        N/A       3%          2
 Static Discharge         Conj/Air       38%        2-4/arc   4%          2
 Iskenderun's Mystic Bla  Conj/Tloc      36%        2d9       4%          4
 Freeze                   Ice            84%        1d9       6%          1
 Kiss of Death            Conj/Necr      56%        2d9       6%          1
 Magic Dart               Conj           56%        1d5       6%          1
 Necrotise                Necr           56%        1d6       6%          1
 Cigotuvi's Dreadful Rot  Necr/Pois/Air  36%        N/A       6%          2
 Spider Form              Tmut/Pois      21%        N/A       8%          3
 Searing Ray              Conj           28%        2d5       9%          2
 Sublimation of Blood     Necr           14%        N/A       9%          2
 Ignite Poison            Fire/Tmut/Pois 19%        N/A       11%         3
 Frozen Ramparts          Ice            42%        1d7       17%         3
 Hailstorm                Conj/Ice       21%        3d6       17%         3
 Ozocubu's Armour         Ice            21%        N/A       17%         3
 Stone Arrow              Conj/Erth      28%        3d8       17%         3
 Vampiric Draining        Necr           14%        2d7       17%         3
 Airstrike                Air            12%        2d(2-18)  17%         4
 Petrify                  Tmut/Erth      21%        N/A       26%         4
 Blade Hands              Tmut           14%        N/A       30%         5
 Dispel Undead            Necr           14%        3d10      50%         4
 Flame Wave               Conj/Fire      14%        2d6       50%         4
 Sticky Flame             Conj/Fire      14%        2d4       50%         4
 Irradiate                Conj/Tmut      10%        3d15      56%         5
 Freezing Cloud           Conj/Ice/Air   13%        6-21      71%         5
 Agony                    Necr           14%        N/A       85%         5
 Fireball                 Conj/Fire      7%         3d5       85%         5
 Iskenderun's Battlesphe  Conj           14%        2d7       85%         5
 Lee's Rapid Deconstruct  Erth           7%         3d6*      85%         5
 Disjunction              Tloc           27%        N/A       95%         8
 Eringya's Noxious Bog    Tmut/Pois      10%        N/A       98%         6
 Statue Form              Tmut/Erth      14%        N/A       98%         6
 Conjure Ball Lightning   Conj/Air       9%         3x3d6     99%         6
 Iron Shot                Conj/Erth      7%         9d2       100%        6
 Starburst                Conj/Fire      7%         6d4       100%        6
 Dragon Form              Tmut           14%        N/A       100%        7
 Orb of Destruction       Conj           7%         9d6       100%        7
 Ozocubu's Refrigeration  Ice            10%        4d9       100%        7
 Storm Form               Tmut/Air       13%        N/A       100%        7
 Ignition                 Fire           7%         3d4       100%        8
 Lehudib's Crystal Spear  Conj/Erth      7%         10d3      100%        8
 Maxwell's Capacitive Co  Air            12%        ∞         100%        8
 Chain Lightning          Conj/Air       9%         3d12      100%        9
 Fire Storm               Conj/Fire      7%         8d2       100%        9
 Shatter                  Erth           7%         3d9*      100%        9
 Tukima's Dance           Hex            Unusable   N/A       N/A         3
 Summon Guardian Golem    Hex/Summ       Unusable   N/A       N/A         3
 Summon Mana Viper        Hex/Summ       Unusable   N/A       N/A         5
 Summon Small Mammal      Summ           Unusable   N/A       N/A         1
 Call Canine Familiar     Summ           Unusable   N/A       N/A         3
 Summon Lightning Spire   Summ/Air       Unusable   N/A       N/A         4
 Animate Armour           Summ/Erth      Unusable   N/A       N/A         4
 Animate Dead             Necr           Unusable   N/A       N/A         4
 Summon Ice Beast         Ice/Summ       Unusable   N/A       N/A         4
 Malign Gateway           Summ/Tloc      Unusable   N/A       N/A         7
 Haunt                    Necr/Summ      Unusable   N/A       N/A         7
 Monstrous Menagerie      Summ           Unusable   N/A       N/A         7
 Spellforged Servitor     Conj/Summ      Unusable   N/A       N/A         7
 Infestation              Necr           Unusable   N/A       N/A         8
 Summon Horrible Things   Summ           Unusable   N/A       N/A         8
 Dragon's Call            Summ           Unusable   N/A       N/A         9

Dungeon Overview and Level Annotations

Branches:
Dungeon (15/15)            Temple (1/1) D:4            Lair (5/5) D:11
  Swamp (4/4) Lair:2       Spider (4/4) Lair:2        Slime (5/5) Lair:5
    Orc (2/2) D:11            Elf (3/3) Orc:2        Vaults (5/5) D:13
  Crypt (3/3) Vaults:2       Tomb (1/3) Crypt:3      Depths (4/4) D:15
   Hell (visited)             Dis (0/7) Hell            Geh (0/7) Hell
    Coc (0/7) Hell            Tar (0/7) Hell            Zot (5/5) Depths:4
Gauntlet (visited)

Altars:
Ashenzari
Cheibriados
Dithmenos
Elyvilon
Fedhas
Gozag
Hepliaklqana
Kikubaaqudgha
Makhleb
Nemelex Xobeh
Okawaru
Qazlal
Ru
Sif Muna
Trog
Uskayaw
Vehumet
Wu Jian
Xom
Yredelemnul
Zin
The Shining One

Shops:
D:11 [   Orc:2 =?[!=   Elf:2 !   Depths:1 (*   Depths:2 =(

Portals:
Hell: Depths:1 Depths:2 Depths:3
Abyss: Depths:3
Pandemonium: Orc:2 Depths:1 Depths:2

Annotations:
Zot:5 exclusion: obsidian statue


Innate Abilities, Weirdness & Mutations

You are very small and have problems with some larger weapons.
You are too small for most types of armour.
You have supernaturally acute eyesight. (SInv)
You cover ground extremely quickly. (Speed+++)
You are dopey. (Int -2)
You are somewhat resistant to further mutation.
You occasionally lose the ability to drink potions when taking damage.
You expend magic power (3 MP) to strengthen your wands.


Message History

You shoot a bolt. The bolt hits the cacodemon!!!
The cacodemon is severely wounded.
The cacodemon gestures at you.
Strange energies course through your body.
You feel stupid.
You shoot a bolt. The bolt hits the cacodemon!!!
You kill the cacodemon!
Okawaru accepts your kill.
An orange demon comes into view.
You shoot a bolt. The bolt hits the orange demon!!!
The orange demon is almost dead.
The orange demon completely misses you.
You shoot a bolt. The bolt hits the orange demon.
You kill the orange demon!
Okawaru accepts your kill.
There is a stone staircase leading up, spattered with blood here.
You climb upwards.
There is a stone staircase leading down here.
There is a stone staircase leading up here.
You climb upwards.
There is a stone staircase leading down here.
There is a stone staircase leading up here.
You climb upwards.
There is a stone staircase leading down here.
There is a stone staircase leading up here.
You climb upwards.
There is a stone staircase leading down here.
You see here a +0 chain mail.
There is a stone staircase leading up here.
You climb upwards.
There is a stone staircase leading down here.
Things that are here:
a +0 leather armour; a +0 dagger
There is an escape hatch in the ceiling here.
A mysterious force pulls you upwards. The hatch slams shut behind you.
There is a stone staircase leading up here.
You climb upwards.
There is a stone staircase leading down here.
There is a staircase leading out of the dungeon here.
You have escaped!

.......########................#
..#......#.....................#
#....###.....#.....#...........#
.....###.....##...##..........##
.#...........###.###.........##
..........###.#####.###..#.###
.#.........###.###.###...#.#
............###...###....#.#
.............##.@.##.....#.##
............###...###....#..#
.#.........###.###.###....#.#
.#..##....###.#####.###.....#
##.###..#....###.###....#...#
...# #.......##...##.......#####
.### ###.....#.....#...##......#
.# ##..............##.####.#
.### ##.....#......##..# #.#


There were no monsters in sight!

Vanquished Creatures
  the Royal Jelly (Slime:5)
  6 dread liches
  4 ancient liches
  4 orbs of fire (Zot:4)
  Mara (Depths:3)
  Mennas (Vaults:3)
  A juggernaut (Zig:4)
  4 royal mummies (Tomb:1)
  Parghit (Depths:4)
  A curse toe (Zot:5)
  4 Killer Klowns
  Bai Suzhen (Vaults:4)
  Saint Roka (Depths:1)
  A caustic shrike (Depths:2)
  Xtahua (Crypt:1)
  Geryon (Hell)
  Nikola (Swamp:4)
  A pandemonium lord (Zig:1)
  3 bone dragons
  13 golden dragons
  Arachne (Spider:3)
  The ghost of Patrick2011b the Warrior, an adept HuWn of Dithmenos (Elf:3)
  6 doom hounds (Depths:2)
  10 liches
  25 tentacled monstrosities
  A walking earthen tome (Depths:2)
  Mlioglotl (Swamp:4)
  5 electric golems
  2 walking crystal tomes
  Jorgrun (D:15)
  Asterion (Spider:1)
  Grunn (Depths:2)
  21 Orb Guardians
  6 quicksilver dragons
  2 deep elf master archers (Elf:3)
  7 titans
  A walking frostbound tome (Depths:3)
  The ghost of jfcaron the Fetichist, an adept GnBr of Gozag (Spider:3)
  A walking divine tome (Depths:3)
  2 deep elf blademasters (Elf:3)
  4 searing wretches (Depths:2)
  2 thorn hunters
  The ghost of lonewolfV2 the Tortoise, an adept MiFi of Qazlal (Spider:3)
  18 acid blobs
  8 ancient champions
  8 death cobs
  The ghost of Esekla the Sorcerer, an adept DEWn of Vehumet (Vaults:2)
  7 tengu reavers
  16 sphinxes
  12 shadow dragons
  10 draconian monks
  15 azure jellies
  12 storm dragons
  4 revenants
  The ghost of laqueoix the Tengu Blade, an adept TeRe of Gozag (Spider:4)
  16 rockslimes
  5 draconian knights
  7 deep elf sorcerers
  27 vault wardens
  7 frost giants
  Louise (Elf:2)
  2 iron dragons
  8 fire giants
  A draconian scorcher (Zot:4)
  Aizul (Vaults:1)
  2 emperor scorpions
  5 ghost moths
  3 ghouls
  A quicksilver elemental (Zig:8)
  2 deep elf elementalists (Elf:3)
  2 reapers
  A curse skull (Crypt:1)
  4 draconian annihilators
  3 spriggan defenders
  The ghost of Jaukkuri the Spry, a journeyman DESu of Ashenzari (Spider:3)
  20 quicksilver oozes
  A cacodemon (D:8)
  23 ironbound preservers
  5 draconian stormcallers
  A juggernaut skeleton (Hell)
  2 orc warlords
  12 stone giants
  7 draconian shifters
  4 broodmothers
  8 war gargoyles
  A caustic shrike skeleton (Crypt:3)
  18 very ugly things
  A demonspawn blood saint (Zig:5)
  8 ironbound thunderhulks
  9 vampire knights
  10 deep elf demonologists
  3 eleionomae
  11 black draconians
  A bunyip (shapeshifter) (Vaults:5)
  9 green draconians
  Azrael (D:15)
  Nessos (D:15)
  6 yellow draconians
  19 dire elephants
  15 deep elf annihilators
  6 white draconians
  4 red draconians
  A minotaur (Gauntlet)
  5 bunyips
  A lorocyproca (Depths:4)
  8 purple draconians
  8 spark wasps
  6 fire dragons
  A green death (Depths:2)
  15 ettins
  5 jiangshi
  4 eidola
  2 crystal guardians (Vaults:4)
  6 entropy weavers
  13 deep elf death magi
  7 mummy priests (Tomb:1)
  Josephine (Spider:1)
  34 vault guards
  4 deep elf high priests
  13 yaktaur captains
  A rakshasa (D:15)
  13 hydras
  A spriggan zombie (Crypt:1)
  3 peacekeepers
  12 great orbs of eyes
  A hell beast (D:11)
  12 ironbound frosthearts
  5 spriggan skeletons
  2 demonspawn (Orc:2)
  5 ice dragons
  Erolcha (Orc:2)
  11 centaur warriors
  An ogre mage (Vaults:5)
  7 spriggan air magi
  An alligator snapping turtle (Zig:7)
  A catoblepas (Lair:1)
  A merfolk aquamancer (Zig:7)
  4 ghost crabs (Swamp:4)
  An anaconda (Lair:5)
  An alligator (shapeshifter) (Vaults:5)
  2 radroaches
  13 alligators
  6 jorogumos
  27 dancing weapons
  2 stokers
  11 boulder beetles
  A death yak (Lair:5)
  3 two-headed ogres
  A satyr (shapeshifter) (Vaults:4)
  12 deep troll shamans
  4 death knights
  2 tengu warriors (D:14)
  9 spriggan berserkers
  10 death scarabs (Tomb:1)
  14 deep troll earth magi
  6 vampire magi
  6 orc high priests (Orc:2)
  13 deep elf knights
  A quicksilver ooze zombie (Crypt:2)
  9 hell knights
  3 sun demons
  7 soul eaters
  A storm dragon zombie (Depths:2)
  A wretched star (Gauntlet)
  3 shadow wraiths
  2 salamander mystics (Depths:2)
  30 spriggans
  Nergalle (D:10)
  3 titan skeletons (Crypt:3)
  3 spectral death yaks (Lair:5)
  2 skysharks
  53 skeletal warriors
  Amaemon (Lair:3)
  9 iron trolls
  7 pharaoh ants
  7 flayed ghosts
  A sea snake (shapeshifter) (Vaults:2)
  A sun moth (Lair:2)
  9 goliath frogs
  An anaconda zombie (Crypt:1)
  A death drake (Swamp:4)
  86 deep trolls
  A spectral anaconda (Lair:5)
  6 glowing orange brains
  7 orb spiders
  A glowing orange brain (shapeshifter) (D:15)
  3 swamp dragons
  6 spriggan druids
  A bunyip zombie (Crypt:1)
  14 wizards
  A bunyip skeleton (Crypt:1)
  15 ironbound convokers
  5 bog bodies
  3 spectral hydras (Swamp:4)
  16 deep elf archers
  9 orc knights
  An obsidian statue (Lair:5)
  9 steelbarb worms
  49 ugly things
  5 harpies
  4 anaconda skeletons (Crypt:3)
  3 lindwurms
  7 phantasmal warriors
  15 deep elf zephyrmancers
  16 necromancers
  A golden dragon skeleton (Crypt:3)
  30 deep elf pyromancers
  11 orc sorcerers
  25 wolf spiders
  4 shining eyes
  An oklob plant (Lair:3)
  4 will-o-the-wisps
  An eleionoma zombie (Crypt:2)
  37 moths of wrath
  A goliath frog skeleton (Crypt:2)
  5 salamanders (Depths:2)
  4 cyclopes
  6 manticores
  9 elephants
  A shadow dragon skeleton (Crypt:3)
  A fire giant skeleton (Depths:2)
  8 black mambas
  A water nymph (Zig:7)
  10 rust devils
  An eye of devastation (Slime:4)
  A dire elephant zombie (Crypt:2)
  2 stone giant skeletons
  A naga zombie (Crypt:1)
  7 demonic crawlers
  3 gargoyles
  17 cane toads
  3 centaur skeletons
  25 vault sentinels
  A dire elephant skeleton (Tomb:1)
  2 orange demons
  2 smoke demons (Depths:1)
  A hellion (Depths:2)
  7 naga skeletons
  8 torpor snails
  3 unseen horror zombies (D:10)
  Maggie (D:7)
  A rime drake (Lair:3)
  A kobold demonologist (D:10)
  38 yaktaurs
  Psyche (D:8)
  An efreet (Gauntlet)
  A yaktaur (shapeshifter) (Vaults:5)
  11 ice devils
  7 hydra zombies
  2 sea snake zombies (Hell)
  3 tengu conjurers
  5 swamp worm zombies (Swamp:4)
  15 komodo dragons
  10 guardian mummies (Tomb:1)
  A shock serpent skeleton (Crypt:3)
  5 freezing wraiths
  A pale draconian skeleton (Crypt:2)
  2 sea snake skeletons (Hell)
  A meliai (shapeshifter) (D:15)
  13 meliai
  A minotaur skeleton (Crypt:1)
  3 hellwings
  2 merfolk (Zig:7)
  4 polar bears
  6 bloated husks
  6 trolls
  2 trolls (shapeshifter)
  30 tarantellas
  24 hornets
  A moth of wrath zombie (Crypt:1)
  15 tyrant leeches
  A wind drake (shapeshifter) (D:13)
  A spectral elephant (Lair:5)
  84 slime creatures
  5 dream sheep
  27 blink frogs
  A raiju (Spider:1)
  6 harpy skeletons
  6 alligator zombies
  2 spectral swamp dragons (Swamp:4)
  A fire dragon skeleton (Crypt:3)
  5 shadows
  23 culicivoras
  Sigmund (D:3)
  5 vampires
  2 ettin skeletons
  25 flying skulls
  14 water elementals
  15 wraiths
  37 jumping spiders
  A centaur simulacrum (D:14)
  A ynoxinul (Depths:2)
  5 wyverns
  A small abomination (Gauntlet)
  A slime creature zombie (Crypt:2)
  3 air elementals
  8 ushabtiu (Tomb:1)
  7 basilisks
  Eustachio (D:6)
  A black mamba skeleton (Crypt:3)
  A redback (shapeshifter) (Vaults:5)
  34 yaks
  20 humans (D:13)
  7 golden eyes
  4 steam dragons
  9 fire elementals
  58 redbacks
  A basilisk (shapeshifter) (D:14)
  24 vampire mosquitoes
  A neqoxec (Gauntlet)
  A death yak simulacrum (Lair:5)
  4 wargs
  3 chaos spawn
  Menkaure (D:6)
  13 swamp worms
  5 acid dragons
  2 spectral cane toads (Lair:5)
  11 water moccasins
  2 hell hounds
  A floating eye (Slime:4)
  2 ice beasts
  An entropy weaver zombie (Crypt:3)
  2 swamp dragon zombies (Swamp:4)
  2 sky beasts
  35 orc warriors
  A black bear (D:5)
  A swamp drake (Swamp:1)
  2 elephant zombies (Lair:5)
  6 wolves
  3 ogres
  5 boggarts (Vaults:1)
  8 centaurs
  5 phantoms
  A swamp dragon skeleton (Crypt:1)
  A snapping turtle skeleton (Crypt:1)
  7 kobold brigands
  A draconian zombie (Crypt:2)
  2 earth elementals
  14 bullfrogs
  A rime drake skeleton (Crypt:2)
  A gnoll sergeant (D:9)
  4 scorpions
  An elf skeleton (Crypt:3)
  A necrophage (Crypt:2)
  A wyvern zombie (Crypt:2)
  A draconian skeleton (Crypt:3)
  8 wights
  3 elephant simulacra (Lair:5)
  8 killer bees
  3 howler monkeys
  2 electric eels
  6 centaur zombies
  3 hounds
  16 jellies
  4 gnoll boudas
  25 orc priests
  2 sleepcaps
  Crazy Yiuf (D:5)
  Ijyb (D:3)
  Natasha (thrice) (D:2)
  A basilisk skeleton (Crypt:2)
  5 hell rats (Lair:2)
  2 spectral swamp drakes (Swamp:4)
  2 iguanas
  21 orc wizards
  10 mummies (Tomb:1)
  Robin (D:2)
  A howler monkey zombie (Crypt:1)
  8 gnolls
  2 swamp drake zombies
  7 adders
  11 river rats (Lair:2)
  A shadow imp (D:7)
  2 ufetubi
  A dart slug (D:4)
  107 orcs
  6 bats
  9 endoplasms
  10 giant cockroaches
  10 goblins
  12 hobgoblins
  2 jackals (D:1)
  17 kobolds
  6 quokkas (Lair:2)
  4 ball pythons
  A ball python zombie (Crypt:1)
  3 frilled lizards
  13 rats
  A creeping inferno (Hell)
  6 fire vortices
2796 creatures vanquished.

Vanquished Creatures (collateral kills)
  2 Orb Guardians (Zot:5)
  3 quicksilver dragons
  A death cob (Zot:4)
  A storm dragon (Zot:2)
  3 draconian monks (Zot:3)
  A draconian knight (Zot:1)
  A draconian scorcher (Zot:3)
  3 draconian stormcallers (Zot:3)
  2 yellow draconians
  4 purple draconians
  7 white draconians
  7 green draconians
  2 red draconians (Zot:3)
  4 black draconians
  A merfolk avatar (Zig:7)
  A sea snake (Zig:7)
  A harpy (Zig:7)
  A manticore (Zig:7)
  3 moths of wrath (Zot:2)
  2 water nymphs (Zig:7)
  5 merfolk (Zig:7)
55 creatures vanquished.

Vanquished Creatures (others)
  An Orb Guardian (Zot:5)
  A quicksilver dragon (Vaults:5)
  A storm dragon (Zot:1)
  A draconian scorcher (Zot:4)
  A draconian stormcaller (Zot:1)
  A war gargoyle (Zig:8)
  A broodmother (Spider:2)
  2 draconian annihilators
  A green draconian (Zot:2)
  A red draconian (Zot:4)
  A two-headed ogre (D:11)
  A boulder beetle (D:11)
  An alligator (Swamp:4)
  A bog body (Swamp:4)
  A cyclops (D:11)
  A merfolk (Zig:7)
  A yak (D:11)
  An acid dragon (D:11)
  A phantom (Swamp:4)
  A gnoll sergeant (D:11)
  An orc priest (D:8)
  An orc wizard (D:9)
  A kobold (D:11)
  12 foxfires
36 creatures vanquished.

Grand Total: 2887 creatures vanquished

Notes
Turn   | Place    | Note
-------+----------+-------------------------------------------
     0 | D:1      | monsoonserge the Spriggan Hunter began the quest for the
                  | Orb.
     0 | D:1      | Reached XP level 1. HP: 10/10 MP: 2/2
    73 | D:1      | Reached XP level 2. HP: 14/14 MP: 3/3
   473 | D:2      | Reached XP level 3. HP: 18/18 MP: 4/4
   477 | D:2      | Reached skill level 5 in Ranged Weapons
   589 | D:2      | Noticed Robin
   617 | D:2      | Reached XP level 4. HP: 23/23 MP: 5/5
   663 | D:2      | Killed Robin
   840 | D:2      | Noticed Natasha
   842 | D:2      | Killed Natasha
   870 | D:2      | Noticed Natasha
   877 | D:2      | Killed Natasha
   878 | D:2      | Reached XP level 5. HP: 27/27 MP: 6/6
   950 | D:2      | Noticed Natasha
   961 | D:2      | Killed Natasha
  1225 | D:3      | Found an ancient bone altar of Kikubaaqudgha.
  1228 | D:3      | Noticed Sigmund
  1406 | D:3      | Found a bloodstained altar of Trog.
  1656 | D:3      | Killed Sigmund
  1657 | D:3      | Reached XP level 6. HP: 11/32 MP: 7/7
  1777 | D:3      | Noticed Ijyb
  1789 | D:3      | Killed Ijyb
  1934 | D:4      | Found a staircase to the Ecumenical Temple.
  1943 | Temple   | Entered the Ecumenical Temple
  2143 | Temple   | Became a worshipper of Warmaster Okawaru
  2181 | D:4      | Reached XP level 7. HP: 9/35 MP: 8/8
  2621 | D:4      | Gained mutation: You are somewhat resistant to further
                  | mutation. [potion of mutation]
  2621 | D:4      | Gained mutation: You expend magic power (3 MP) to
                  | strengthen your wands. [potion of mutation]
  2622 | D:4      | HP: 1/35 [poisoned by a kobold]
  3116 | D:5      | Entered Level 5 of the Dungeon
  3460 | D:5      | Reached * piety under Okawaru
  3477 | D:5      | Reached skill level 1 in Invocations
  3508 | D:5      | Found a runed translucent door.
  3509 | D:5      | Noticed Crazy Yiuf
  3514 | D:5      | Killed Crazy Yiuf
  3526 | D:5      | Identified the +5 hammer of the Establishment {elec,
                  | +Blink}
  3810 | D:5      | Reached XP level 8. HP: 35/42 MP: 8/10
  4135 | D:5      | Reached ** piety under Okawaru
  4274 | D:6      | Noticed Eustachio
  4309 | D:6      | Killed Eustachio
  4369 | D:6      | Reached skill level 10 in Ranged Weapons
  4387 | D:6      | Reached skill level 5 in Fighting
  4393 | D:6      | Reached XP level 9. HP: 46/47 MP: 11/11
  4655 | D:6      | Reached *** piety under Okawaru
  4830 | D:6      | Noticed Menkaure
  4843 | D:6      | Killed Menkaure
  5297 | D:7      | Noticed Maggie
  5472 | D:8      | Noticed Psyche
  5654 | D:9      | Reached **** piety under Okawaru
  5814 | D:8      | Found an ornate altar of the Wu Jian Council.
  6505 | D:7      | Reached XP level 10. HP: 53/53 MP: 14/14
  6611 | D:7      | Killed Maggie
  6809 | D:8      | Killed Psyche
  7513 | D:8      | Reached skill level 5 in Dodging
  7579 | D:8      | Reached skill level 5 in Invocations
  8015 | D:9      | Found a shadowy altar of Dithmenos.
  8127 | D:9      | Found a runed translucent door.
  8131 | D:9      | Noticed a boulder beetle
  8132 | D:9      | Noticed a centaur warrior
  8672 | D:9      | Reached ***** piety under Okawaru
  8837 | D:10     | Entered Level 10 of the Dungeon
  8850 | D:10     | Reached skill level 1 in Evocations
  8863 | D:10     | Received a gift from Okawaru
  9313 | D:10     | Reached XP level 11. HP: 58/58 MP: 13/16
  9387 | D:10     | Noticed Nergalle
  9418 | D:10     | Killed Nergalle
  9938 | D:11     | Found Funimupe's Armour Shoppe.
 10306 | D:11     | Noticed a deep elf pyromancer
 10401 | D:11     | Noticed a boulder beetle
 10419 | D:11     | Killed a two-headed ogre
 10549 | D:11     | Noticed a boulder beetle
 10632 | D:11     | Found a shimmering altar of Xom.
 10635 | D:11     | Noticed a boulder beetle
 10643 | D:11     | Killed a boulder beetle
 10722 | D:11     | Reached skill level 5 in Evocations
 10736 | D:11     | Received a gift from Okawaru
 10753 | D:11     | Found a staircase to the Lair.
 10782 | D:11     | Killed a deep elf pyromancer
 10828 | D:11     | Noticed a two-headed ogre
 10854 | D:11     | Killed a two-headed ogre
 11122 | D:11     | Found a staircase to the Orcish Mines.
 11403 | D:11     | Noticed a red ugly thing
 11524 | D:10     | Killed a red ugly thing
 11714 | Lair:1   | Entered Level 1 of the Lair of Beasts
 11905 | Lair:1   | Noticed a catoblepas
 11978 | D:11     | HP: 2/60 [poisoned by a black mamba]
 12231 | D:11     | Reached XP level 12. HP: 64/64 MP: 18/18
 12417 | D:12     | Reached skill level 15 in Ranged Weapons
 12510 | D:12     | Noticed a two-headed ogre
 12542 | D:12     | Killed a two-headed ogre
 12963 | D:12     | Noticed a boulder beetle
 13184 | Lair:1   | Killed a catoblepas
 13946 | Lair:2   | Found a hole to the Spider Nest.
 14054 | Lair:2   | Reached ****** piety under Okawaru
 14787 | Lair:2   | Noticed a six-headed hydra
 15173 | Orc:1    | Entered Level 1 of the Orcish Mines
 15284 | Orc:1    | Noticed an orc warlord
 15737 | D:11     | Killed an orc warlord
 15737 | D:11     | Received a gift from Okawaru
 15818 | D:11     | Killed a boulder beetle
 16581 | D:11     | Killed a boulder beetle
 16862 | Orc:2    | Entered Level 2 of the Orcish Mines
 17315 | Orc:2    | Reached XP level 13. HP: 64/70 MP: 18/20
 17320 | Orc:2    | Found a staircase to the Elven Halls.
 17321 | Orc:2    | Found Qymuej's Jewellery Shop.
 17929 | Orc:2    | Noticed Erolcha
 17953 | Orc:2    | Killed Erolcha
 17953 | Orc:2    | Identified the scarf of the Gloaming {rC+ rF+, Str+3 Dex+3}
                  | (Okawaru gifted it to you on level 2 of the Orcish Mines)
 17953 | Orc:2    | Received a gift from Okawaru
 18516 | Lair:2   | Found a staircase to the Swamp.
 18702 | Lair:2   | Identified the +6 glaive "Sosunlas" {heavy, Str+3 Int+3}
 19301 | Lair:3   | Reached skill level 10 in Fighting
 19340 | Lair:3   | Reached skill level 1 in Armour
 19404 | Lair:3   | You fall into a shaft and drop 1 floor!
 19456 | Lair:2   | Learned a level 2 spell: Wereblood
 19846 | Lair:3   | Reached skill level 1 in Spellcasting
 19846 | Lair:3   | Reached skill level 1 in Transmutations
 20375 | Lair:3   | Noticed Amaemon
 20479 | Lair:3   | Identified the +7 shortbow of the Foremost Deaths {speed,
                  | rElec rF+ Will+}
 20542 | Lair:3   | Killed Amaemon
 20767 | Lair:4   | Reached skill level 10 in Invocations
 21003 | Lair:4   | Reached XP level 14. HP: 77/77 MP: 22/22
 21201 | Lair:4   | Found a runed translucent door.
 21520 | Lair:4   | Received a gift from Okawaru
 21727 | Lair:5   | Entered Level 5 of the Lair of Beasts
 21962 | Lair:5   | Found a staircase to the Slime Pits.
 22248 | Lair:5   | Received a gift from Okawaru
 23230 | Lair:5   | Reached skill level 5 in Stealth
 23551 | Lair:5   | Identified the +0 robe of Resilience {Harm Fly rC-}
                  | (Okawaru gifted it to you on level 5 of the Lair of Beasts)
 23551 | Lair:5   | Received a gift from Okawaru
 23647 | Lair:5   | Got Irgh's Verses on Polluted Evil
 24492 | Lair:5   | Reached skill level 10 in Dodging
 24705 | D:9      | Reached XP level 15. HP: 79/87 MP: 19/23
 24942 | Orc:2    | Found Saisytam's Distillery.
 25006 | Orc:2    | Found Soazocim's Magic Scroll Emporium.
 25425 | Orc:2    | Received a gift from Okawaru
 25526 | Orc:2    | Found Uhutro Xeni's Jewellery Boutique.
 25526 | Orc:2    | Found Ceimyd's Antique Armour Shop.
 25526 | Orc:2    | Found a one-way gate leading to the halls of Pandemonium.
 25847 | Orc:2    | Bought the ring of Xom's Attic {rC+ rN++ Int+6 Slay+3} for
                  | 950 gold pieces
 26398 | D:13     | Reached skill level 15 in Fighting
 26584 | D:13     | Found a gate to the Vaults.
 27163 | D:13     | Identified the +3 shortbow of the Other Side {elec, rPois
                  | Dex+4} (Okawaru gifted it to you on level 13 of the
                  | Dungeon)
 27163 | D:13     | Received a gift from Okawaru
 27706 | D:14     | Found a gate leading to a gauntlet.
 27736 | Gauntlet | Entered a Gauntlet
 27736 | Gauntlet | Found a transporter.
 27739 | Gauntlet | Found a transporter.
 27740 | Gauntlet | Found a transporter.
 27755 | Gauntlet | Found a transporter.
 27757 | Gauntlet | Found a large runed translucent door.
 27757 | Gauntlet | Found a large runed translucent door.
 27758 | Gauntlet | Found a large runed translucent door.
 27758 | Gauntlet | Found a large runed translucent door.
 27759 | Gauntlet | Found a large runed translucent door.
 27759 | Gauntlet | Found a large runed translucent door.
 27759 | Gauntlet | Found a runed translucent door.
 27759 | Gauntlet | Found a runed translucent door.
 27760 | Gauntlet | Found a large runed translucent door.
 27760 | Gauntlet | Found a large runed translucent door.
 27760 | Gauntlet | Found a large runed translucent door.
 27761 | Gauntlet | Found a large runed translucent door.
 27762 | Gauntlet | Found a large runed translucent door.
 27762 | Gauntlet | Found a large runed translucent door.
 27763 | Gauntlet | Found a large runed translucent door.
 27763 | Gauntlet | Found a large runed translucent door.
 27764 | Gauntlet | Found a runed translucent gate.
 27764 | Gauntlet | Found a runed translucent gate.
 27764 | Gauntlet | Found a runed translucent gate.
 27766 | Gauntlet | Found a transporter.
 27777 | Gauntlet | Found a large runed translucent door.
 27778 | Gauntlet | Found a large runed translucent door.
 27787 | Gauntlet | Found a transporter.
 27791 | Gauntlet | Found a transporter.
 27795 | Gauntlet | Found a transporter.
 27840 | Gauntlet | Found a transporter.
 27857 | Gauntlet | Found a transporter.
 27861 | Gauntlet | Found a transporter.
 27870 | Gauntlet | Found a transporter.
 27975 | Gauntlet | Identified the +0 hat of Impatience {rF+ Regen+ Dex+2}
 28039 | Gauntlet | Identified the +2 pair of boots of the Purple Skies {rN++
                  | Will+ SInv Stlth-}
 28064 | Gauntlet | Identified the +7 long sword of Valour {heavy, rPois}
 28064 | Gauntlet | Identified the +1 ring mail "Zaisch" {Harm rF- rC+++ MP-9}
 28124 | Gauntlet | Learned a level 2 spell: Blink
 28126 | Gauntlet | Identified the +4 flail of Hatut {holy, rN+}
 28377 | D:14     | Reached skill level 1 in Translocations
 28706 | D:14     | Received a gift from Okawaru
 28826 | D:14     | Found a glowing silver altar of Zin.
 28994 | D:15     | Entered Level 15 of the Dungeon
 29414 | D:15     | Noticed Nessos
 29418 | D:15     | Reached XP level 16. HP: 96/96 MP: 24/24
 29421 | D:15     | Killed Nessos
 29543 | D:15     | Noticed Jorgrun
 29550 | D:15     | Killed Jorgrun
 29552 | D:15     | Noticed Azrael
 29574 | D:15     | Killed Azrael
 29815 | D:15     | Identified the +0 hat of the Ferocious God {Int+2 Stlth+}
                  | (Okawaru gifted it to you on level 15 of the Dungeon)
 29815 | D:15     | Received a gift from Okawaru
 29828 | D:15     | Found a staircase to the Depths.
 29999 | Spider:1 | Entered Level 1 of the Spider Nest
 30607 | Spider:1 | Noticed Josephine
 30607 | Spider:1 | Noticed Asterion
 30623 | Spider:1 | Killed Josephine
 30643 | Spider:1 | Killed Asterion
 32131 | Spider:2 | Received a gift from Okawaru
 32894 | Spider:3 | Noticed Arachne
 32931 | Spider:3 | Killed Arachne
 32931 | Spider:3 | Received a gift from Okawaru
 32996 | Spider:2 | Reached XP level 17. HP: 96/103 MP: 20/25
 33225 | Spider:3 | HP: 4/102 [jorogumo/bolt of negative energy (7)]
 33452 | Spider:3 | Learned a level 4 spell: Cause Fear
 33553 | Swamp:1  | Entered Level 1 of the Swamp
 33562 | Swamp:1  | Reached skill level 1 in Hexes
 34023 | Swamp:1  | Identified the +3 arbalest of Hyavib {antimagic, rF+ rN++
                  | Str-2} (Okawaru gifted it to you on level 1 of the Swamp)
 34023 | Swamp:1  | Received a gift from Okawaru
 34997 | Swamp:2  | Reached skill level 5 in Spellcasting
 35493 | Swamp:3  | Received a gift from Okawaru
 35581 | Swamp:3  | Reached skill level 5 in Armour
 36257 | Swamp:4  | Entered Level 4 of the Swamp
 36257 | Swamp:4  | Noticed Nikola
 36509 | Swamp:4  | Noticed Mlioglotl
 36607 | Swamp:4  | Killed Mlioglotl
 36608 | Swamp:4  | Reached skill level 5 in Hexes
 36959 | Swamp:3  | Reached XP level 18. HP: 68/111 MP: 14/28
 37132 | Swamp:4  | Killed Nikola
 38048 | Spider:3 | Received a gift from Okawaru
 38519 | Spider:4 | Entered Level 4 of the Spider Nest
 38947 | Spider:4 | Found a runed translucent gate.
 38947 | Spider:4 | Found a runed translucent gate.
 38947 | Spider:4 | Found a runed translucent gate.
 38947 | Spider:4 | Noticed jfcaron's ghost (adept GnBr)
 38948 | Spider:4 | Noticed Jaukkuri's ghost (journeyman DESu)
 38948 | Spider:4 | Noticed lonewolfV2's ghost (adept MiFi)
 38948 | Spider:4 | Noticed laqueoix's ghost (adept TeRe)
 39310 | Spider:4 | Received a gift from Okawaru
 39968 | Spider:3 | HP: 2/112 [broodmother (29)]
 40156 | Orc:2    | Bought 3 potions of curing for 108 gold pieces
 40156 | Orc:2    | Bought a potion of heal wounds for 60 gold pieces
 40156 | Orc:2    | Bought a potion of curing for 36 gold pieces
 40759 | Spider:4 | Found the +3 pair of gauntlets of War {Slay+5}
 40805 | Spider:4 | Got a gossamer rune of Zot
 40995 | Spider:3 | Killed lonewolfV2's ghost
 40995 | Spider:3 | Received a gift from Okawaru
 41085 | Spider:4 | Killed laqueoix's ghost
 41309 | Elf:1    | Entered Level 1 of the Elven Halls
 42018 | Elf:1    | Reached XP level 19. HP: 105/118 MP: 25/30
 42099 | Elf:1    | Got the Directory of the Entourage
 42214 | Elf:1    | Identified the +8 steam dragon scales of Histrionic Life
                  | {rF- Regen+ Str+3} (Okawaru gifted it to you on level 1 of
                  | the Elven Halls)
 42214 | Elf:1    | Received a gift from Okawaru
 42305 | Elf:1    | Paralysed by an air elemental for 1 turns
 43136 | Elf:2    | Identified the +4 ring mail "Wirch" {rN+ Dex+3}
 43412 | Elf:2    | Found a transporter.
 43412 | Elf:2    | Found Piebic's Distillery.
 43441 | Elf:2    | Found a transporter.
 43580 | Elf:2    | Found a huge runed translucent gate.
 43580 | Elf:2    | Found a huge runed translucent gate.
 43580 | Elf:2    | Found a huge runed translucent gate.
 43580 | Elf:2    | Found a huge runed translucent gate.
 43587 | Elf:2    | Found a huge runed translucent gate.
 43799 | Elf:3    | Entered Level 3 of the Elven Halls
 44007 | Elf:3    | Found a runed translucent door.
 44007 | Elf:3    | Found a shimmering altar of Xom.
 44007 | Elf:3    | Noticed Patrick2011b's ghost (adept HuWn)
 44192 | Elf:3    | Noticed a Brimstone Fiend
 44598 | Elf:3    | Reached skill level 15 in Dodging
 44641 | Elf:3    | Identified the +6 great mace "Fizer" {freeze, Str+4}
 44655 | Elf:3    | Identified the +4 scimitar of Currency {elec, Str+2}
 44954 | Elf:3    | Identified the +7 plate armour of Complete Protection
                  | {rCorr Int+4 Dex+2}
 45306 | Vaults:1 | Entered Level 1 of the Vaults
 45432 | Vaults:1 | Reached skill level 10 in Evocations
 45658 | Vaults:1 | Received a gift from Okawaru
 46468 | Vaults:1 | Reached XP level 20. HP: 126/126 MP: 32/32
 47092 | Vaults:1 | Noticed Aizul
 47112 | Vaults:1 | Killed Aizul
 47194 | Vaults:1 | Identified the ring of Lodod {rC- Will+ Str+2 Dex+2 Slay-5
                  | Stlth+}
 47244 | Vaults:1 | Identified the +3 dagger of the Revolution {vamp, rElec rF-
                  | SInv}
 47245 | Vaults:1 | Identified the +2 pair of boots of Grand Contentment
                  | {Rampage Will+ Str+3}
 47927 | Vaults:2 | Received a gift from Okawaru
 48535 | Vaults:2 | Identified the +7 flail "Saexuil" {freeze, rElec rC+ Will+}
 48689 | Vaults:2 | Found a runed translucent gate.
 48689 | Vaults:2 | Found a runed translucent gate.
 48689 | Vaults:2 | Found a runed translucent gate.
 49149 | Vaults:2 | Found a staircase to the Crypt.
 49158 | Vaults:2 | Noticed Esekla's ghost (adept DEWn)
 49808 | Vaults:2 | Received a gift from Okawaru
 49828 | Vaults:2 | Killed Esekla's ghost
 49879 | Vaults:2 | Identified the ring "Mytank" {*Corrode Fly rPois Str+3}
 50724 | Vaults:3 | Found a huge runed gate.
 50724 | Vaults:3 | Found a huge runed gate.
 50724 | Vaults:3 | Found a huge runed gate.
 50724 | Vaults:3 | Found a huge runed gate.
 50724 | Vaults:3 | Found a huge runed gate.
 50725 | Vaults:3 | Found a huge runed gate.
 50725 | Vaults:3 | Found a huge runed gate.
 50725 | Vaults:3 | Found a huge runed gate.
 50725 | Vaults:3 | Found a huge runed gate.
 50725 | Vaults:3 | Found a huge runed gate.
 50726 | Vaults:3 | Found a huge runed gate.
 50727 | Vaults:3 | Found a huge runed gate.
 50728 | Vaults:3 | Found a huge runed gate.
 50729 | Vaults:3 | Found a huge runed gate.
 50730 | Vaults:3 | Found a huge runed gate.
 50731 | Vaults:3 | Found a huge runed gate.
 50739 | Vaults:3 | Found a huge runed gate.
 50739 | Vaults:3 | Found a huge runed gate.
 50739 | Vaults:3 | Found a huge runed gate.
 50739 | Vaults:3 | Found a huge runed gate.
 50739 | Vaults:3 | Found a huge runed gate.
 50741 | Vaults:3 | Found a huge runed gate.
 50742 | Vaults:3 | Found a huge runed gate.
 50743 | Vaults:3 | Found a huge runed gate.
 50744 | Vaults:3 | Found a huge runed gate.
 50752 | Vaults:3 | Found a huge runed gate.
 50752 | Vaults:3 | Found a huge runed gate.
 50752 | Vaults:3 | Found a huge runed gate.
 50752 | Vaults:3 | Found a huge runed gate.
 50752 | Vaults:3 | Found a huge runed gate.
 50752 | Vaults:3 | Found a huge runed gate.
 50752 | Vaults:3 | Identified the +0 pair of gloves of the End {Int+3}
 50754 | Vaults:3 | Found a huge runed gate.
 50755 | Vaults:3 | Found a huge runed gate.
 50756 | Vaults:3 | Found a huge runed gate.
 50764 | Vaults:3 | Found a huge runed gate.
 50764 | Vaults:3 | Found a huge runed gate.
 50786 | Vaults:3 | Received a gift from Okawaru
 51117 | Vaults:2 | Reached XP level 21. HP: 89/133 MP: 16/34
 52166 | Vaults:3 | Identified the scarf "Kosidax" {shadows, +Inv rC+ rN+
                  | Will+} (Okawaru gifted it to you on level 3 of the Vaults)
 52166 | Vaults:3 | Received a gift from Okawaru
 52296 | Vaults:3 | Reached skill level 1 in Throwing
 52745 | Crypt:1  | Entered Level 1 of the Crypt
 54577 | Crypt:2  | Received a gift from Okawaru
 54883 | Crypt:2  | Noticed Xtahua
 54915 | Crypt:1  | Killed Xtahua
 55010 | Crypt:1  | Learned a level 7 spell: Enfeeble
 55076 | Crypt:1  | Identified the +0 animal skin "Tuistriso" {Slay+2} (Okawaru
                  | gifted it to you on level 1 of the Crypt)
 55076 | Crypt:1  | Received a gift from Okawaru
 55687 | Crypt:3  | Entered Level 3 of the Crypt
 56011 | Crypt:3  | Reached XP level 22. HP: 141/141 MP: 35/35
 56214 | Crypt:3  | Found a staircase to the Tomb.
 56607 | Crypt:3  | Found an ancient bone altar of Kikubaaqudgha.
 56935 | Crypt:3  | Noticed an ancient lich
 56973 | Crypt:3  | Killed an ancient lich
 57147 | Crypt:3  | Received a gift from Okawaru
 57420 | Crypt:3  | Learned a level 6 spell: Dispersal
 57518 | Crypt:3  | Identified the ring of Lozusch {rN+ Str+3 Dex+3}
 57518 | Crypt:3  | Identified the amulet of Bimneleu {Rampage Will++ Regen+}
 57518 | Crypt:3  | Identified the ring of the Hairy God {rN+ Int+3}
 57580 | Crypt:3  | Reached skill level 10 in Hexes
 57678 | Crypt:3  | Identified the +2 robe of Poor Excuses {rElec rC- Will+}
                  | (Okawaru gifted it to you on level 3 of the Crypt)
 57678 | Crypt:3  | Received a gift from Okawaru
 57800 | Tomb:1   | Entered Level 1 of the Tomb of the Ancients
 57945 | Tomb:1   | Got the Parchment of Pneumatic Malisons
 58623 | Tomb:1   | Noticed a royal mummy
 58901 | Tomb:1   | Killed a royal mummy
 58902 | Tomb:1   | Reached skill level 5 in Translocations
 59172 | Tomb:1   | Noticed a royal mummy
 59181 | Tomb:1   | Reached skill level 10 in Spellcasting
 59181 | Tomb:1   | Noticed a royal mummy
 59700 | Spider:3 | Killed Jaukkuri's ghost
 59737 | Spider:4 | Reached XP level 23. HP: 147/147 MP: 38/38
 59791 | Spider:3 | Killed jfcaron's ghost
 60236 | Swamp:4  | Got a decaying rune of Zot
 60498 | Slime:1  | Entered Level 1 of the Pits of Slime
 61543 | Elf:3    | Killed Patrick2011b's ghost
 61648 | Elf:3    | Reached XP level 24. HP: 152/154 MP: 39/39
 61727 | Elf:3    | Received a gift from Okawaru
 61827 | Elf:3    | Found the +5 Storm Queen's Shield {shock, Fly rElec}
 61845 | Elf:3    | Identified the +3 chain mail of Vanity {Int+2}
 61851 | Elf:3    | Identified the staff of death "Wewe" {Contam rN+ Str+3
                  | Int+3 Dex+4}
 61853 | Elf:3    | Identified the staff of conjuration "Piwunuol" {rElec rC++
                  | Str+2 Dex-5}
 61874 | Elf:3    | Identified the staff of death "Waz Voh" {rF+++ rN+}
 61944 | Elf:3    | Identified the staff of air "Ripirosu" {Drain rElec Int+4
                  | Dex+4}
 62743 | Elf:2    | Noticed Louise
 62777 | Elf:2    | Killed Louise
 62777 | Elf:2    | Received a gift from Okawaru
 63766 | Vaults:4 | Identified the +1 swamp dragon scales of Baleful Wonder
                  | {*Corrode rPois rC- Dex+7} (Okawaru gifted it to you on
                  | level 4 of the Vaults)
 63766 | Vaults:4 | Received a gift from Okawaru
 63909 | Vaults:4 | Noticed Mennas
 64966 | Vaults:4 | Noticed Bai Suzhen
 65001 | Vaults:4 | Killed Bai Suzhen
 65078 | Vaults:5 | Entered Level 5 of the Vaults
 65545 | Vaults:5 | Reached skill level 10 in Translocations
 65731 | Vaults:5 | Noticed an ancient lich
 65738 | Vaults:5 | Identified the +9 hand axe "Ohooqu" {vamp, Fly Str+5 Int-4}
 65740 | Vaults:5 | Received a gift from Okawaru
 65754 | Vaults:4 | Killed an ancient lich
 66381 | Vaults:5 | Identified the ring "Uduwaf" {Ice rPois Int+3 Stlth+}
 66429 | Vaults:5 | Reached XP level 25. HP: 161/161 MP: 40/40
 66463 | Vaults:5 | Received a gift from Okawaru
 66563 | Vaults:5 | Identified the -2 buckler of the Saviour {rC+ Will- Slay+3}
 66813 | Vaults:5 | Learned a level 3 spell: Portal Projectile
 66814 | Vaults:5 | Identified the staff of air "Woaciaw" {rElec rF+ rC++
                  | Int+4}
 66849 | Vaults:5 | Got a silver rune of Zot
 66853 | Vaults:5 | Got the Vellum of Moulding
 66860 | Vaults:5 | Identified the staff of cold "Zizxines" {+Blink rC+}
 67011 | Vaults:5 | Identified the +0 cloak of Fortitude {Str-5 Slay+2 SInv}
 67949 | Tomb:1   | Killed a royal mummy
 68187 | Tomb:1   | Noticed a royal mummy
 68214 | Tomb:1   | Killed a royal mummy
 68337 | Tomb:1   | Noticed a royal mummy
 68340 | Tomb:1   | Noticed a royal mummy
 68370 | Tomb:1   | Killed a royal mummy
 68500 | Tomb:1   | Learned a level 8 spell: Discord
 69028 | Depths:1 | Entered Level 1 of the Depths
 69328 | Depths:1 | Found a white marble altar of Elyvilon.
 69350 | Depths:1 | Found Iulejoq's Incredible Inventory.
 69676 | Depths:1 | Received a gift from Okawaru
 69793 | Depths:1 | Found a gateway to Hell.
 69936 | Depths:1 | Found Saopyug's Antique Weapon Shoppe.
 70517 | Depths:2 | Noticed Saint Roka
 70575 | Depths:1 | Killed Saint Roka
 70830 | Depths:2 | Noticed Grunn
 70860 | Depths:2 | Killed Grunn
 70922 | Depths:2 | Found Gorgh's Weapon Emporium.
 71048 | Depths:2 | Received a gift from Okawaru
 71131 | Depths:2 | Found a bloodstained altar of Trog.
 71328 | Depths:2 | Received a gift from Okawaru
 71682 | Depths:2 | Found Siwoqy's Jewellery Emporium.
 71961 | Depths:2 | Reached skill level 15 in Hexes
 72106 | Depths:2 | Reached XP level 26. HP: 168/168 MP: 42/42
 72268 | Depths:2 | Identified the ring of Yshiaqaps {Ice +Blink rElec rN+++
                  | Str-2}
 72515 | Depths:2 | Learned a level 3 spell: Swiftness
 72729 | Depths:3 | Found a one-way gate to the infinite horrors of the Abyss.
 72911 | Depths:3 | Found a one-way gateway to a ziggurat.
 73051 | Depths:3 | Reached skill level 1 in Air Magic
 73383 | Depths:3 | Identified the +0 cloak of the Spheres {rC+}
 73410 | Depths:3 | Noticed Mara
 73414 | Depths:3 | Noticed monsoonserge's illusion
 73449 | Depths:3 | Killed Mara
 73483 | Depths:3 | Identified the staff of death "Diatam" {rN+ rCorr Int+4}
 73616 | Depths:3 | Reached skill level 10 in Stealth
 73758 | Depths:3 | Learned a level 4 spell: Passage of Golubria
 73764 | Depths:3 | Learned a level 5 spell: Yara's Violent Unravelling
 73964 | Depths:4 | Entered Level 4 of the Depths
 74600 | Depths:4 | Received a gift from Okawaru
 75353 | Depths:4 | Noticed Parghit
 75694 | Depths:4 | Found a gate to the Realm of Zot.
 75937 | Hell     | Entered the Vestibule of Hell
 75937 | Hell     | Noticed Geryon
 76128 | Depths:2 | Received a gift from Okawaru
 76135 | Depths:2 | Reached skill level 15 in Spellcasting
 76807 | Hell     | Killed Geryon
 76944 | Hell     | Found a gateway to the freezing wastes of Cocytus.
 77289 | Hell     | Found a gateway to the decaying netherworld of Tartarus.
 77390 | Hell     | Found a gateway to the ashen valley of Gehenna.
 77459 | Hell     | Found a gateway to the Iron City of Dis.
 78019 | Slime:1  | Reached skill level 15 in Stealth
 78891 | Slime:2  | Reached XP level 27. HP: 155/172 MP: 43/43
 79969 | Slime:5  | Entered Level 5 of the Pits of Slime
 80044 | Slime:5  | Paralysed by a floating eye for 3 turns
 80051 | Slime:4  | Paralysed by a floating eye for 2 turns
 80119 | Slime:5  | Noticed the Royal Jelly
 80247 | Slime:5  | Received a gift from Okawaru
 80461 | Slime:5  | Killed the Royal Jelly
 80577 | Slime:5  | Found the +2 pair of slick slippers {slick, slippery, EV+4}
 80581 | Slime:5  | Identified the +7 war axe "Eshinuet" {speed, Str+3}
 80599 | Slime:5  | Identified the +3 plate armour "Wotausm" {Rampage rF+}
 80604 | Slime:5  | Got the Quarto of the Fateful Retinue
 80614 | Slime:5  | Identified the +2 ring mail "Xiun" {Fly rC+}
 80631 | Slime:5  | Got a slimy rune of Zot
 80676 | Slime:5  | Learned a level 5 spell: Silence
 80758 | Slime:5  | Identified the ring of Toeluid {rC- Will+ Int+4 Slay+3}
 81278 | Vaults:3 | Killed Mennas
 81691 | Zig:1    | Entered Level 1 of a ziggurat
 81691 | Zig:1    | Noticed Feunarr the pandemonium lord
 81714 | Zig:1    | Killed Feunarr the pandemonium lord
 81725 | Zig:2    | Entered Level 2 of a ziggurat
 81746 | Zig:3    | Entered Level 3 of a ziggurat
 81775 | Zig:3    | Identified the +4 shortbow of the Hungering Wasp {speed,
                  | Fragile rElec Str+6}
 81784 | Zig:4    | Entered Level 4 of a ziggurat
 81787 | Zig:4    | Noticed a juggernaut
 81830 | Zig:4    | Killed a juggernaut
 81856 | Zig:4    | Identified the +12 battleaxe of Karma {holy, Contam Will+
                  | rCorr Str+5}
 81871 | Zig:4    | Identified the +8 mace of the Coin {heavy, *Noise Int+3
                  | Dex+2}
 81874 | Zig:5    | Entered Level 5 of a ziggurat
 81960 | Zig:6    | Entered Level 6 of a ziggurat
 82053 | Zig:7    | Entered Level 7 of a ziggurat
 82176 | Zig:7    | Identified the +3 chain mail "Iwim" {rN+ Dex-5 SInv}
 82186 | Zig:8    | Entered Level 8 of a ziggurat
 82241 | Zig:8    | HP: 2/172 [Hell Sentinel (18)]
 82252 | Zig:8    | Identified the orb of the Old World {guile, rElec rCorr
                  | Str+3 Int+2}
 82451 | Zot:1    | Entered Level 1 of the Realm of Zot
 83483 | Zot:1    | Reached skill level 5 in Throwing
 83587 | Zot:1    | Received a gift from Okawaru
 84906 | Zot:3    | Found a burning altar of Makhleb.
 84936 | Zot:3    | Reached skill level 27 in Dodging
 85114 | Zot:3    | Identified the +10 war axe "Zostredae" {flame, *Slow Str+3
                  | Int+2 Dex+3}
 85174 | Zot:3    | Identified the +5 trident of Checks and Balances {elec,
                  | *Slow Fly rN+ Str+3}
 85638 | Zot:3    | Got Sif Muna's Secrets of the Zealot
 85656 | Zot:3    | Got the Compendium of Fire and Brimstone
 85692 | Zot:4    | Noticed an orb of fire
 85781 | Zot:4    | Received a gift from Okawaru
 85781 | Zot:4    | Found the +3 warlock's mirror {omnireflect}
 85993 | Zot:4    | Reached skill level 1 in Shields
 86113 | Zot:4    | Reached skill level 27 in Fighting
 86122 | Zot:4    | Killed an orb of fire
 86512 | Zot:4    | Identified a scroll of acquirement
 86521 | Zot:4    | Acquired 543 gold pieces
 87082 | Depths:4 | Killed Parghit
 87293 | Zot:5    | Entered Level 5 of the Realm of Zot
 87771 | Zot:5    | Noticed a dread lich
 87776 | Zot:5    | Killed a dread lich
 87873 | Zot:5    | Noticed an orb of fire
 87911 | Zot:4    | Killed an orb of fire
 87968 | Zot:5    | Noticed an ancient lich
 87970 | Zot:5    | Killed an ancient lich
 87971 | Zot:5    | Noticed an orb of fire
 87971 | Zot:5    | Noticed a dread lich
 87977 | Zot:5    | Gained mutation: You occasionally lose the ability to drink
                  | potions when taking damage. [an orb of fire]
 87984 | Zot:4    | Killed an orb of fire
 87984 | Zot:4    | Received a gift from Okawaru
 87985 | Zot:4    | Reached skill level 5 in Shields
 88007 | Zot:4    | Killed a dread lich
 88059 | Zot:5    | Noticed a dread lich
 88080 | Zot:5    | Noticed an orb of fire
 88093 | Zot:5    | Killed a dread lich
 88104 | Zot:4    | Killed an orb of fire
 88157 | Zot:5    | Noticed a dread lich
 88161 | Zot:5    | Killed a dread lich
 88286 | Zot:5    | Noticed a dread lich
 88295 | Zot:5    | Noticed an ancient lich
 88298 | Zot:5    | Killed a dread lich
 88300 | Zot:5    | Killed an ancient lich
 88360 | Zot:5    | Noticed a dread lich
 88367 | Zot:5    | Killed a dread lich
 88393 | Zot:5    | Identified the +5 cloak "Senyivisch" {Int+3} (Okawaru
                  | gifted it to you on level 5 of the Realm of Zot)
 88393 | Zot:5    | Received a gift from Okawaru
 88571 | Zot:5    | Got the Orb of Zot
 88648 | Zot:4    | Noticed Atidecyz the pandemonium lord
 89055 | D:8      | Gained mutation: You are dopey. (Int -2) [a cacodemon]
 89206 | D:$      | Escaped with the Orb!

Illustrated notes

Levels and vault maps discovered:
D:1:      roderic_crossed_star, layout_rooms, grunt_decor_one_mirror
D:2:      layout_basic, kennysheep_crisscross, minivault_24, uniq_robin,
          uniq_natasha
D:3:      layout_rooms, trog_hazing_becter, kiku_gazebo_garden_becter,
          serial_glass, glass_columns_b, glass_columns_a, uniq_ijyb,
          uniq_sigmund
D:4:      layout_loops_ring, minmay_temple_entry_wispy,
          dreamdust_princess_bridge
D:5:      layout_rooms, grunt_ministairs_5, uniq_crazy_yiuf_cottage
D:6:      layout_loops_ring, uniq_eustachio, uniq_menkaure
D:7:      layout_cave_pools, uniq_maggie
D:8:      layout_loops_corners, mainiacjoe_overflow_boulevard,
          minmay_fractal_squares_5, uniq_psyche
D:9:      layout_irregular_city, nicolae_dithmenos_through_a_glass_darkly,
          kennysheep_pointless_box, minmay_st_funbox,
          chequers_serial_rivers_micro_a, st_stairs_14
D:10:     layout_rooms, serial_undead, serial_undead_b, serial_undead_a,
          serial_undead_a, serial_undead_f, minmay_diced_spiral, uniq_nergalle
D:11:     layout_irregular_city, minmay_lair_entry_grove, david_orc_5,
          serial_column_ruins, column_ruins_hut_ruined,
          column_ruins_open_medium, column_ruins_corridor_straight,
          column_ruins_open_medium, column_ruins_open_tiny,
          column_ruins_open_tiny_water, column_ruins_columns_T,
          column_ruins_columns_straight, serial_shops, nicolae_diamond_shop,
          xom_confusion_cloud
D:12:     layout_loops_cross
D:13:     layout_loops_corners, grunt_vaults_entry_tiered
D:14:     layout_stronghold, gauntlet_entry_generic, zin_treasury
D:15:     gammafunk_enter_depths_forms, layout_rooms, uniq_azrael, uniq_nessos,
          uniq_jorgrun
Temple:   eino_narrow_crystal_temple
Lair:1:   layout_regular_city, lemuel_fruit_tree, infiniplex_staircase_pool_2
Lair:2:   lemuel_ratsnest, layout_misc_corridors, palyth_hydra_swamp_entry,
          nicolae_spider_entry_tight_spaces, dreamdust_gnoll_shepherd
Lair:3:   layout_cellular_growth, chequers_serial_rivers_small_a,
          serial_bayou_shore_a, uniq_amaemon
Lair:4:   gammafunk_lair_enchanted_lake, layout_misc_corridors,
          grunt_megastairs_3
Lair:5:   due_jungle_book, layout_small_grid, minmay_slime_entry_jelly_boxes
Swamp:1:  layout_falls_marsh, evilmike_swamp_ruin_house_3,
          infiniplex_staircase_pool
Swamp:2:  layout_falls_marsh, evilmike_swamp_ruin_house_1, swamp_pool1
Swamp:3:  nicolae_swamp_secret_spriggan_hideout, layout_basic_swamp,
          serial_swamp_ruin, evilmike_swamp_ruin_house_2,
          hangedman_swamp_ruin_wall, swamp_pool3
Swamp:4:  swamp_pestilence, layout_basic_swamp, nicolae_swamp_alligator_family,
          uniq_mlioglotl, uniq_nikola
Spider:1: layout_spider_delve, beargit_elvish_explorers, uniq_josephine,
          uniq_asterion
Spider:2: layout_spider_delve, hangedman_spider_tarantella_strand
Spider:3: layout_spider_delve, uniq_arachne
Spider:4: grunt_spider_rune_parallel, gammafunk_ghost_cemetery
Slime:1:  layout_caves
Slime:2:  layout_caves, special_room [special_room_jelly]
Slime:3:  layout_caves
Slime:4:  layout_caves, cheibrodos_slime_lost_civilization_7
Slime:5
Orc:1:    layout_caves
Orc:2:    pf_orc_diabolical, layout_caves, minmay_shop_enchanted_jewellery,
          uniq_erolcha
Elf:1:    minmay_elf_arrival_circle, layout_geoelf_grid, minmay_elf_demonology,
          serial_sigils_hangedman_scratch, kilobyte_rumbling_trees
Elf:2:    elven_hall_of_blades_hangedman_alternative
          [nicolae_blade_little_rooms], layout_rooms, serial_shops,
          nicolae_shop_drivethru, nicolae_concentric_dashed_squares_mild,
          fountainhead, minmay_strange_pillars, amcnicky_mini_corridor_feature,
          uniq_louise
Elf:3:    elf_hall, layout_geoelf_grid, ebering_ghost_xom,
          corexii_hall_statues_i
Vaults:1: nicolae_vaults_trapezoid_lopsided_3, vaults_room_pools,
          nicolae_vaults_storing_the_good_stuff, vaults_room_door_hall,
          ontoclasm_vaults_loading_screen, v_misc_22, nicolae_vaults_spaceships,
          hangedman_vaults_corner, nicolae_vaults_mitosis, v_misc_1,
          nicolae_vaults_network_barrier, nicolae_vaults_storage_room_glass,
          nicolae_vaults_offset_grid_hallway_4, vaults_room_stairs_pillars,
          layout_vaults_omnibox, uniq_aizul
Vaults:2: gammafunk_ghost_spectres, nicolae_vaults_octagons,
          nicolae_vaults_wrenched, vaults_mumra_chevron_long,
          minmay_crypt_entry_simple_box, nicolae_vaults_little_squares_2,
          v_rooms_1, v_misc_10, ontoclasm_vaults_misaligned,
          nicolae_vaults_trapezoid_lopsided_3, vaults_dpeg_ring,
          layout_vaults_omnigrid
Vaults:3: nicolae_vaults_double_plus_3, nicolae_vaults_little_squares_4,
          v_alt_pattern_1, nicolae_vaults_two_Ls, v_misc_4,
          nicolae_vaults_tetromino_Z_1, door_vault, ontoclasm_vaults_eye,
          v_alt_pattern_1, vaults_room_pool, nicolae_vaults_closet_pinwheel_6,
          v_misc_26, layout_vaults_maze_bifur
Vaults:4: nicolae_vaults_trapezoid_lopsided_3, vaults_room_pool,
          nicolae_vaults_branching_niches, nicolae_vaults_more_shelving_1,
          nicolae_vaults_two_Ls, nicolae_vaults_tetromino_T_1,
          layout_vaults_big_room, uniq_mennas, uniq_bai_suzhen
Vaults:5
Crypt:1:  layout_regular_city, minivault_19, grunt_crypt_arrival_split,
          grunt_megastairs_2
Crypt:2:  layout_rooms, fountainhead, uniq_xtahua
Crypt:3:  church_of_pain_bobbens, layout_chaotic_city, grunt_ministairs_9,
          uniq_margery
Tomb:1
Depths:1: layout_twisted_cross, elyvilon_altar_3, serial_shops,
          nicolae_square_shop, hellmouth_1, rand_demon_pan_entry_1,
          nicolae_alphabet_shops, lightli_minifort
Depths:2: nicolae_fronds_of_death, layout_basic, serial_shops, shop, shop,
          hell_entry, lemuel_crystal_altar, grunt_pan_entry_in_and_out,
          infiniplex_staircase_hallway_doors, uniq_saint_roka, uniq_grunn
Depths:3: minmay_the_grid_plus_closed [minmay_the_grid_plusring,
          minmay_the_grid_dragon_b, minmay_the_grid_expand,
          minmay_the_grid_mess, minmay_the_grid_prize_four_corners],
          layout_small_grid, enter_ziggurat_d, abyss_entry_glasseish,
          hell_entry, nicolae_lava_and_water, infiniplex_staircase_river,
          uniq_mara
Depths:4: grunt_zot_entry_pinwheel, layout_basic, hell_entry,
          grunt_ministairs_5, nicolae_triple_integral, uniq_parghit
Hell
Zot:1:    kennysheep_six_static_rooms, layout_misc_corridors
Zot:2:    kennysheep_ambush_hall, layout_basic
Zot:3:    nicolae_zot_draconian_monastery, layout_basic
Zot:4:    layout_gridlike
Zot:5:    layout_gridlike

Skill      XL: |  1  2  3  4  5  6  7  8  9 10 11 12 13 14 15 16 17 18 19 20 21 22 23 24 25 26 27 |
---------------+----------------------------------------------------------------------------------+-----
Ranged Weapons | 5 6 7 8 10 11 13 14 16 17 18 20 | 20.0
Stealth        | 2 3 4 5 6 7 8 9 15 20 | 20.0
Fighting       | 2 3 5 6 7 8 9 10 13 15 17 18 20 21 22 24 25 26 27 | 27.0
Dodging        | 3 4 5 6 8 10 11 12 13 14 15 17 18 19 21 24 27 | 27.0
Invocations    | 1 2 4 5 7 8 10 11 | 11.0
Evocations     | 2 5 6 7 8 10 12 14 | 14.0
Armour         | 1 2 4 5 |  5.8
Spellcasting   | 2 3 4 6 7 8 10 11 12 14 15 16 | 16.0
Transmutations | 3 4 |  4.0
Translocations | 3 6 7 11 12 | 12.0
Hexes          | 5 7 9 11 13 15 16 20 | 20.0
Throwing       | 3 4 6 |  6.0
Air Magic      | 3 |  3.0
Shields        | 9 |  9.7

Action                     |  1- 3 |  4- 6 |  7- 9 | 10-12 | 13-15 | 16-18 | 19-21 | 22-24 | 25-27 || total
---------------------------+-------+-------+-------+-------+-------+-------+-------+-------+-------++-------
  Melee: Shortbow          |       |       |       |       |       |     4 |       |       |     9 ||    13
   Fire: Shortbow          |    77 |   150 |   410 |  1511 |  1713 |  2686 |  3458 |  2961 |  5184 || 18150
         Arbalest          |       |       |       |       |   293 |       |       |       |       ||   293
         Hand crossbow     |       |       |       |       |       |       |       |       |   340 ||   340
  Throw: Dart              |       |       |       |     6 |       |       |       |       |       ||     6
   Cast: Wereblood         |       |       |       |       |     3 |     7 |     2 |     1 |    16 ||    29
         Blink             |       |       |       |       |       |    24 |     8 |     6 |    10 ||    48
         Cause Fear        |       |       |       |       |       |     3 |     3 |     2 |     5 ||    13
         Enfeeble          |       |       |       |       |       |       |       |     2 |     3 ||     5
         Portal Projectile |       |       |       |       |       |       |       |       |     4 ||     4
         Yara's Violent Un |       |       |       |       |       |       |       |       |    22 ||    22
         Dispersal         |       |       |       |       |       |       |       |       |     2 ||     2
         Discord           |       |       |       |       |       |       |       |       |    18 ||    18
         Silence           |       |       |       |       |       |       |       |       |     2 ||     2
 Invoke: Heroism           |       |       |     2 |     9 |     2 |     9 |     4 |     5 |    11 ||    42
         Finesse           |       |       |       |     1 |     1 |     3 |     1 |       |     4 ||    10
  Evoke: Wand              |       |       |       |       |     1 |     1 |       |       |     3 ||     5
         Condenser vane    |       |       |       |       |       |     2 |       |       |       ||     2
         Lightning rod     |       |       |       |       |       |     6 |       |       |       ||     6
    Use: Scroll            |     1 |       |    10 |     9 |     8 |    10 |     3 |     4 |    19 ||    64
         Potion            |       |       |     4 |     3 |       |     7 |     1 |     1 |     9 ||    25
 Armour: Robe              |     3 |     3 |     8 |    79 |    28 |       |       |       |     4 ||   125
         Steam dragon scal |       |       |       |     2 |       |       |    80 |   110 |   208 ||   400
         Acid dragon scale |       |       |       |       |    30 |    67 |       |       |       ||    97
         Swamp dragon scal |       |       |       |       |       |     6 |       |       |       ||     6
  Dodge: Dodged            |    11 |    52 |   114 |   432 |   428 |  1115 |   976 |  1213 |  3487 ||  7828
  Block: Other             |       |       |     4 |       |       |       |       |       |       ||     4
         Buckler           |       |       |       |       |       |       |       |       |   124 ||   124
         Reflection        |       |       |       |       |       |       |       |       |    19 ||    19
